 Dungeon Crawl Stone Soup version 0.30-a0-802-gb92711bcdf (webtiles) character file.

Game seed: 3563558251723753476

147 ragingrage the Digger (level 5, -2/38 HPs)
             Began as a Meteoran Earth Elementalist on Feb 25, 2023.
             Slain by a scorpion (3 damage)
             ... on level 4 of the Dungeon.
             The game lasted 00:04:08 (655 turns).

ragingrage the Digger (Meteoran Earth Elementalist)  Turns: 655, Time: 00:04:09

Health: -2/38      AC:  3    Str:  9    XL:     5   Next: 86%
Magic:  11/11      EV: 12    Int: 18    God:
Gold:   59         SH:  0    Dex: 15    Spells: 5/11 levels left

rFire   + . .      SeeInvis .    c - +0 dagger
rCold   + . .      Faith    .    (no shield)
rNeg    . . .      Spirit   .    a - +0 robe
rPois   +          Reflect  .    (no helmet)
rElec   +          Harm     .    (no cloak)
rCorr   +          Rampage  .    k - +0 pair of gloves
Will    .....                    (no boots)
Stlth   +                        (no amulet)
HPRegen 0.26/turn                (no ring)
MPRegen 0.12/turn                (no ring)

@: lethally poisoned (-2 -> -14), resistant, glowing
A: sense surroundings 1, otherworldly, glowing, explore regen
a: no special abilities


You were on level 4 of the Dungeon.
You visited 1 branch of the dungeon, and saw 4 of its levels.

You collected 92 gold pieces.
You spent 33 gold pieces at shops.

Inventory:

Hand Weapons
 c - a +0 dagger (weapon)
 g - a +0 long sword
Armour
 a - a +0 robe (worn)
 k - a +0 pair of gloves (worn)
Scrolls
 f - 2 scrolls of teleportation {unknown}
 i - a scroll of acquirement {unknown}
 j - a scroll of magic mapping {unknown}
Potions
 e - a potion of mutation {unknown}
 h - a potion of brilliance {unknown}


   Skills:
 - Level 2.4 Dodging
 + Level 2.7 Stealth
 + Level 3.8 Spellcasting
 - Level 1.2 Transmutations
 + Level 5.3 Earth Magic


You had 5 spell levels left.
You knew the following spells:

 Your Spells              Type           Power      Damage    Failure   Level
a - Sandblast             Erth           44%        2d11      1%          1
b - Passwall              Tmut/Erth      12%        N/A       6%          2
c - Stone Arrow           Conj/Erth      26%        3d8       16%         3

Your spell library contained the following spells:

 Spells                   Type           Power      Damage    Failure   Level
 Lesser Beckoning         Tloc           6%         N/A       22%         2
 Petrify                  Tmut/Erth      15%        N/A       36%         4
 Gell's Gravitas          Tloc           3%         N/A       41%         3
 Teleport Other           Tloc           3%         N/A       41%         3


Dungeon Overview and Level Annotations

Branches:
Dungeon (4/15) Zot: 1698
 Temple: D:4-7

Altars:

Shops:
D:2 [   D:4 !


Innate Abilities, Weirdness & Mutations

You passively map a small area around you.
You are easily found by Zot.
You glow in the dark.
You regain HP and MP as you explore.


Message History

You are poisoned.
The scorpion poisons you! The orc closely misses you.
Unknown command.
You feel better. The scorpion closely misses you.
The orc hits you from afar with a +0 trident.
Casting: Sandblast (safe; 1% risk of failure)
The spell is quite dangerous to miscast (16% risk of failure)!
Continue anyway?
Okay, then.
Aiming: Sandblast (safe; 1% risk of failure)
Aim: a scorpion (83% to hit)
The blast of sand hits the scorpion but does no damage.
The scorpion stings you.
You are poisoned.
The scorpion poisons you!
The orc hits you from afar with a +0 trident.
The scorpion misses you.
The orc hits you from afar with a +0 trident.
Aiming: Sandblast (safe; 1% risk of failure)
Aim: a scorpion (83% to hit)
The blast of sand hits the scorpion.
You feel very sick. The scorpion stings you.
The orc hits you from afar with a +0 trident.
* * * LOW HITPOINT WARNING * * *
The scorpion closely misses you.
Unknown command.
Unknown command.
Magic courses through your body.
You feel sick. The scorpion stings you.
* * * LOW HITPOINT WARNING * * *
You are more poisoned.
The scorpion poisons you!
The orc hits you from afar with a +0 trident.
* * * LOW HITPOINT WARNING * * *
Unknown command.
It was a potion of resistance.
You feel protected.
* * * LOW HITPOINT WARNING * * *
You feel very sick. The scorpion stings you.
You die...

.. , * * #. ##.## *
####...############
.....#........#...
#.###...######.#.## *
...o.o............###*
.####s.######.#..#.. *
#@.# #....#.# , #..#
####.#.# * , #..#
#.#># #..# #.#.## ,
...# #....# *,* ##.#
###'#.# , #.# #.'∩'.#
* .# #.#'### #....#


You could see a scorpion and an orc.

Vanquished Creatures
  Natasha (twice) (D:2)
  3 gnolls (D:2)
  An adder (D:2)
  A shadow imp (D:3)
  A worm (D:2)
  2 endoplasms
  3 giant cockroaches
  5 goblins
  2 hobgoblins (D:1)
  7 jackals
  4 kobolds
  2 quokkas (D:1)
  2 ball pythons
  5 bats
  4 frilled lizards
  4 rats
48 creatures vanquished.

Notes
Turn   | Place    | Note
-------+----------+-------------------------------------------
     0 | D:1      | ragingrage the Meteoran Earth Elementalist began the quest
                  | for the Orb.
     0 | D:1      | Reached XP level 1. HP: 14/14 MP: 5/5
    52 | D:1      | Reached skill level 4 in Earth Magic
    74 | D:2      | Reached XP level 2. HP: 20/20 MP: 4/6
   121 | D:1      | Reached XP level 3. HP: 26/26 MP: 6/8
   262 | D:1      | Learned a level 2 spell: Passwall
   266 | D:1      | Learned a level 3 spell: Stone Arrow
   282 | D:2      | Noticed Natasha
   287 | D:2      | Killed Natasha
   288 | D:2      | Reached XP level 4. HP: 23/33 MP: 5/9
   359 | D:2      | Found Lueh's Armour Shoppe.
   367 | D:2      | Reached skill level 5 in Earth Magic
   374 | D:2      | Reached XP level 5. HP: 38/38 MP: 5/10
   477 | D:2      | Noticed Natasha
   483 | D:2      | Killed Natasha
   623 | D:4      | Found Cuvvi's Distillery.
   626 | D:4      | Bought a potion of curing for 33 gold pieces
   655 | D:4      | HP: 1/38 [poisoned by a scorpion]
   655 | D:4      | Slain by a scorpion

Illustrated notes

Levels and vault maps discovered:
D:1:      zaba_arrival_water, layout_basic, nicolae_eternal_life
D:2:      layout_basic, serial_shops, nicolae_shop_crystal, uniq_natasha
D:3:      layout_loops_ring
D:4:      layout_loops_ring, nemelex_diamond_rough_becter, serial_shops,
          kennysheep_mini, uniq_blork_the_orc, uniq_ijyb

Skill      XL: |  1  2  3  4 |
---------------+-------------+-----
Earth Magic    | 4 5 |  5.3
Stealth        | 2 |  2.7
Spellcasting   | 3 |  3.8
Dodging        | |  2.4
Transmutations | |  1.2

Action                     |  1- 3 |  4- 6 || total
---------------------------+-------+-------++-------
  Melee: Dagger            |     1 |     1 ||     2
   Cast: Sandblast         |    36 |    42 ||    78
    Use: Potion            |       |     3 ||     3
 Armour: Robe              |     5 |     4 ||     9
  Dodge: Dodged            |    11 |    20 ||    31

Table legend: (Time is in decaauts)
 A = Elapsed time spent in this place.
 B = Non-inter-level travel time spent in this place.
 C = Inter-level travel time spent in this place.
 D = Time resting spent in this place.
 E = Time spent auto-exploring this place.
 F = Levels seen in this place.
 G = Mean time per level.
                   A        B        C        D        E       F      G
               +--------+--------+--------+--------+--------+-----+--------+
         Total |    700 |    678 |     22 |      0 |      0 |   4 |  175.0 |
       Dungeon |    700 |    678 |     22 |      0 |      0 |   4 |  175.0 |
               +--------+--------+--------+--------+--------+-----+--------+

Top non-repeatable levels by time:
     D:1: 281 daAuts
     D:2: 219 daAuts
     D:3: 142 daAuts
     D:4: 56 daAuts
